ITL
ALLENTOWN HILLBILLIES @ LOUISVILLE BATS
09/13/2030
 
TOP OF THE 1ST
Allentown Hillbillies batting - Pitching for Louisville Bats : RHP Bennie Jones
Pitching: RHP Bennie Jones
Batting: LHB Júlio Lorenzo 0-0: DOUBLE (Line Drive, 7LM)
Batting: RHB Albert Lutz 0-0: Ball
1-0: Foul Ball, location: 2F
1-1: Ball
2-1: Ball
3-1: Base on Balls
Batting: LHB Eduardo Rodríguez 0-0: Called Strike
0-1: Ball
1-1: Swinging Strike
1-2: Foul Ball, location: 2F
1-2: Ball
2-2: Strikes out looking
Batting: RHB Germano Labrego 0-0: Called Strike
0-1: Ball
1-1: Called Strike
1-2: Grounds into double play, 6-4-3 (Groundball, 6)
Top of the 1st over - 0 runs, 1 hit, 0 errors, 1 left on base; Allentown 0 - Louisville 0
BOTTOM OF THE 1ST
Louisville Bats batting - Pitching for Allentown Hillbillies : RHP Cory Powell
Pitching: RHP Cory Powell
Batting: SHB Dave Henley 0-0: Called Strike
0-1: Foul Ball, location: 2F
0-2: Foul Ball, location: 2F
0-2: Ball
1-2: Fly out, F7 (Line Drive, 78M)
Batting: LHB Héctor Rentería 0-0: Called Strike
0-1: Called Strike
0-2: Foul Ball, location: 2F
0-2: DOUBLE (Line Drive, 9LS)
Batting: LHB Eduardo Gómez 0-0: Fly out, F8 (Flyball, 8LS)
Batting: SHB Ryan Roberts 0-0: Foul Ball, location: 2F
0-1: Fly out, F5 (Line Drive, 5S)
Bottom of the 1st over - 0 runs, 1 hit, 0 errors, 1 left on base; Allentown 0 - Louisville 0
TOP OF THE 2ND
Allentown Hillbillies batting - Pitching for Louisville Bats : RHP Bennie Jones
Batting: RHB Donald Sanford 0-0: Ball
1-0: Ball
2-0: Ball
3-0: Called Strike
3-1: Base on Balls
Batting: SHB Travis Martin 0-0: Called Strike
0-1: Ball
1-1: Swinging Strike
1-2: Ball
2-2: Ball
3-2: Base on Balls
Donald Sanford to second
Batting: RHB Diego Rivera 0-0: Foul Ball, location: 2F
0-1: Foul Ball, location: 2F
0-2: Strikes out swinging
Batting: RHB Justin Harris 0-0: Ball
1-0: Called Strike
1-1: Ball
2-1: Called Strike
2-2: Ball
3-2: Base on Balls
Donald Sanford to third
Travis Martin to second
Batting: RHB Robert Bly 0-0: Swinging Strike
0-1: Foul Ball, location: 2F
0-2: Strikes out swinging
Batting: LHB Júlio Lorenzo 0-0: Ground out U3 (Groundball, 3)
Top of the 2nd over - 0 runs, 0 hits, 0 errors, 3 left on base; Allentown 0 - Louisville 0
BOTTOM OF THE 2ND
Louisville Bats batting - Pitching for Allentown Hillbillies : RHP Cory Powell
Batting: RHB Roberto Zamora 0-0: Ball
1-0: Swinging Strike
1-1: Ball
2-1: Foul Ball, location: 2F
2-2: Ball
3-2: Base on Balls
Batting: RHB Shawn Marshall 0-0: Ball
1-0: Ball
2-0: Called Strike
2-1: SINGLE (Line Drive, 9S)
Roberto Zamora to second
Runner from 2nd tries for 3rd, SAFE, no throw
Batting: RHB Júlio Sánchez 0-0: Ball
1-0: Ball
2-0: Fly out, F9 (Flyball, 9LS)
Runner from 3rd tags up, SCORES, throw made
Batting: RHB Mark Arnold 0-0: Ball
1-0: Ball
2-0: Called Strike
2-1: Fly out, F9 (Flyball, 9)
Batting: SHB Martín Medina 0-0: Ball
1-0: Ball
Shawn Marshall steals 2nd base
2-0: Called Strike
2-1: Foul Ball, location: 2F
2-2: Ball
3-2: Base on Balls
Batting: SHB Dave Henley 0-0: SINGLE (Line Drive, 4)
Shawn Marshall to third
Martín Medina to second
Runner from 3rd tries for Home, SAFE, no throw
Batting: LHB Héctor Rentería 0-0: Ball
1-0: Called Strike
1-1: Foul Ball, location: 2F
1-2: 3-RUN HOME RUN (Flyball, 9LD), Distance : 348 ft
Batting: LHB Eduardo Gómez 0-0: Called Strike
0-1: Ball
1-1: Swinging Strike
1-2: Ball
2-2: Ground out U3 (Groundball, 3S)
Bottom of the 2nd over - 5 runs, 3 hits, 0 errors, 0 left on base; Allentown 0 - Louisville 5
TOP OF THE 3RD
Allentown Hillbillies batting - Pitching for Louisville Bats : RHP Bennie Jones
Batting: RHB Albert Lutz 0-0: Ground out 1-3 (Groundball, 15S)
Batting: LHB Eduardo Rodríguez 0-0: Ground out 6-3 (Groundball, 6)
Batting: RHB Germano Labrego 0-0: Ground out 6-3 (Groundball, 6)
Top of the 3rd over - 0 runs, 0 hits, 0 errors, 0 left on base; Allentown 0 - Louisville 5
BOTTOM OF THE 3RD
Louisville Bats batting - Pitching for Allentown Hillbillies : RHP Cory Powell
Batting: SHB Ryan Roberts 0-0: Ball
1-0: Ball
2-0: Called Strike
2-1: Ground out 6-3 (Groundball, 6M)
Batting: RHB Roberto Zamora 0-0: Ground out 5-3 (Groundball, 56S)
Batting: RHB Shawn Marshall 0-0: Called Strike
0-1: Ground out 1-3 (Groundball, 13S)
Bottom of the 3rd over - 0 runs, 0 hits, 0 errors, 0 left on base; Allentown 0 - Louisville 5
TOP OF THE 4TH
Allentown Hillbillies batting - Pitching for Louisville Bats : RHP Bennie Jones
Batting: RHB Donald Sanford 0-0: Ball
1-0: Ball
2-0: Ball
3-0: Base on Balls
Batting: SHB Travis Martin 0-0: Swinging Strike
0-1: Foul Ball, location: 2F
0-2: Ball
1-2: Foul Ball, location: 2F
1-2: Strikes out looking
Batting: RHB Diego Rivera 0-0: Foul Ball, location: 2F
0-1: Foul Ball, location: 2F
0-2: Strikes out looking
Batting: RHB Justin Harris 0-0: Called Strike
0-1: Ball
1-1: Foul Ball, location: 2F
1-2: Foul Ball, location: 2F
1-2: Fly out, F7 (Flyball, 78S)
Top of the 4th over - 0 runs, 0 hits, 0 errors, 1 left on base; Allentown 0 - Louisville 5
BOTTOM OF THE 4TH
Louisville Bats batting - Pitching for Allentown Hillbillies : RHP Cory Powell
Batting: RHB Júlio Sánchez 0-0: Called Strike
0-1: Called Strike
0-2: Ball
1-2: Foul Ball, location: 2F
1-2: SINGLE (Line Drive, 34D)
Batting: RHB Mark Arnold 0-0: Ball
1-0: Called Strike
1-1: SINGLE (Line Drive, 34D)
Júlio Sánchez to second
Batting: SHB Martín Medina 0-0: Ball
1-0: 3-RUN HOME RUN (Flyball, 9LD), Distance : 343 ft
Batting: SHB Dave Henley 0-0: Called Strike
0-1: Ball
1-1: Ground out 4-3 (Groundball, 4)
Batting: LHB Héctor Rentería 0-0: Swinging Strike
0-1: Foul Ball, location: 2F
0-2: SOLO HOME RUN (Flyball, 9D), Distance : 361 ft
Batting: LHB Eduardo Gómez 0-0: Swinging Strike
0-1: Called Strike
0-2: Foul Ball, location: 2F
0-2: Ball
1-2: SOLO HOME RUN (Flyball, 89XD), Distance : 416 ft
Batting: SHB Ryan Roberts 0-0: Ball
1-0: Ball
2-0: Ball
3-0: Called Strike
3-1: Fly out, F8 (Line Drive, 8LM)
Batting: RHB Roberto Zamora 0-0: Foul Ball, location: 2F
0-1: Ball
1-1: Fly out, F9 (Flyball, 9)
Bottom of the 4th over - 5 runs, 5 hits, 0 errors, 0 left on base; Allentown 0 - Louisville 10
TOP OF THE 5TH
Allentown Hillbillies batting - Pitching for Louisville Bats : RHP Bennie Jones
Batting: RHB Robert Bly 0-0: Ground out 5-3 (Groundball, 56)
Batting: LHB Júlio Lorenzo 0-0: Swinging Strike
0-1: Ball
1-1: Ground out 4-3 (Groundball, 4)
Batting: RHB Albert Lutz 0-0: Ball
1-0: Foul Ball, location: 2F
1-1: SINGLE (Groundball, 56) (infield hit)
Batting: LHB Eduardo Rodríguez 0-0: Ball
1-0: DOUBLE (Line Drive, 7LD)
Albert Lutz to third
Runner from 3rd tries for Home, SAFE, no throw
Batting: RHB Germano Labrego 0-0: Hit by Pitch
Batting: RHB Donald Sanford 0-0: Ball
1-0: Called Strike
1-1: Ball
2-1: Ball
3-1: Base on Balls
Eduardo Rodríguez to third
Germano Labrego to second
Batting: SHB Travis Martin 0-0: DOUBLE (Groundball, 5L)
Eduardo Rodríguez scores
Germano Labrego scores
Donald Sanford to third
Batting: RHB Diego Rivera 0-0: Called Strike
0-1: Ball
1-1: Foul Ball, location: 2F
1-2: Ball
2-2: Foul Ball, location: 2F
2-2: Ground out 5-3 (Groundball, 5)
Top of the 5th over - 3 runs, 3 hits, 0 errors, 2 left on base; Allentown 3 - Louisville 10
BOTTOM OF THE 5TH
Louisville Bats batting - Pitching for Allentown Hillbillies : RHP Cory Powell
Batting: RHB Shawn Marshall 0-0: Ball
1-0: Ball
2-0: Ball
3-0: Base on Balls
Batting: RHB Júlio Sánchez 0-0: Called Strike
0-1: DOUBLE (Groundball, 5L)
Shawn Marshall to third
Batting: RHB Mark Arnold 0-0: Fly out, F9 (Flyball, 9)
Batting: SHB Martín Medina 0-0: SINGLE (Groundball, 56D)
Shawn Marshall scores
Júlio Sánchez to third
Runner from 3rd tries for Home, SAFE, no throw
Batting: SHB Dave Henley 0-0: Ball
1-0: Ball
2-0: Ball
3-0: Base on Balls
Martín Medina to second
Batting: LHB Héctor Rentería 0-0: Ball
Martín Medina steals 3rd base
Dave Henley to second
1-0: Ball
2-0: Called Strike
2-1: Ball
3-1: Base on Balls
Batting: LHB Eduardo Gómez 0-0: Ball
1-0: Foul Ball, location: 2F
1-1: Ball
2-1: Ball
3-1: Fly out, F4 (Line Drive, 4)
Batting: SHB Ryan Roberts 0-0: Foul Ball, location: 2F
0-1: GRAND SLAM HOME RUN (Flyball, 9LD), Distance : 362 ft
Batting: RHB Roberto Zamora 0-0: Called Strike
0-1: Called Strike
0-2: Hit by Pitch
Batting: RHB Shawn Marshall 0-0: Ball
Roberto Zamora is caught stealing 2nd base
Bottom of the 5th over - 6 runs, 3 hits, 0 errors, 0 left on base; Allentown 3 - Louisville 16
TOP OF THE 6TH
Allentown Hillbillies batting - Pitching for Louisville Bats : RHP Bennie Jones
Batting: RHB Justin Harris 0-0: Ball
1-0: Ball
2-0: Ball
3-0: Base on Balls
Batting: RHB Robert Bly 0-0: Called Strike
0-1: Ball
1-1: Ground out 1-3 (Groundball, 13S)
Justin Harris to second
Batting: LHB Júlio Lorenzo 0-0: DOUBLE (Line Drive, 8RXD)
Justin Harris scores
Batting: RHB Albert Lutz 0-0: Called Strike
0-1: Ball
1-1: Foul Ball, location: 2F
1-2: Foul Ball, location: 2F
1-2: Fly out, F9 (Flyball, 9LS)
Batting: LHB Eduardo Rodríguez 0-0: Ball
1-0: Ball
2-0: Foul Ball, location: 2F
2-1: Swinging Strike
2-2: Ball
3-2: Foul Ball, location: 2F
3-2: 2-RUN HOME RUN (Flyball, 9LD), Distance : 353 ft
Batting: RHB Germano Labrego 0-0: Ball
1-0: Ground out 5-3 (Groundball, 56)
Top of the 6th over - 3 runs, 2 hits, 0 errors, 0 left on base; Allentown 6 - Louisville 16
BOTTOM OF THE 6TH
Louisville Bats batting - Pitching for Allentown Hillbillies : RHP Cory Powell
Batting: RHB Shawn Marshall 0-0: Called Strike
0-1: Foul Ball, location: 2F
0-2: Ball
1-2: Ball
2-2: Strikes out swinging
Batting: RHB Júlio Sánchez 0-0: Called Strike
0-1: Ball
1-1: Ball
2-1: Ball
3-1: Base on Balls
Pitching: LHP Emílio Trevino
Batting: RHB Mark Arnold 0-0: Ball
1-0: Ball
2-0: Ball
3-0: Called Strike
3-1: Base on Balls
Júlio Sánchez to second
Pitching: RHP Dale Downs
Batting: SHB Martín Medina 0-0: Ball
1-0: Ball
2-0: Swinging Strike
2-1: Foul Ball, location: 2F
2-2: Ball
3-2: Strikes out swinging
Batting: SHB Dave Henley 0-0: Ball
1-0: Swinging Strike
1-1: Ball
2-1: Ball
3-1: Base on Balls
Júlio Sánchez to third
Mark Arnold to second
Batting: LHB Héctor Rentería 0-0: Ball
1-0: Ball
2-0: Ball
3-0: Called Strike
3-1: Foul Ball, location: 2F
3-2: Base on Balls
Júlio Sánchez scores
Mark Arnold to third
Dave Henley to second
Batting: LHB Eduardo Gómez 0-0: Ball
1-0: Ball
2-0: Foul Ball, location: 2F
2-1: Ground out 4-3 (Groundball, 4MS)
Bottom of the 6th over - 1 run, 0 hits, 0 errors, 3 left on base; Allentown 6 - Louisville 17
TOP OF THE 7TH
Allentown Hillbillies batting - Pitching for Louisville Bats : RHP Bennie Jones
Batting: RHB Donald Sanford 0-0: Foul Ball, location: 2F
0-1: Foul Ball, location: 2F
0-2: Ball
1-2: Ball
2-2: Ball
3-2: Strikes out looking
Batting: SHB Travis Martin 0-0: Ball
1-0: Hit by Pitch
Batting: RHB Diego Rivera 0-0: Ball
1-0: Fly out, F8 (Flyball, 8LM)
Batting: RHB Justin Harris 0-0: Called Strike
0-1: Swinging Strike
0-2: Ball
1-2: Ball
2-2: Ball
3-2: SINGLE (Line Drive, 78M)
Travis Martin to second
Travis Martin to third
Batting: RHB Robert Bly 0-0: Ground out 4-3 (Groundball, 4MD)
Top of the 7th over - 0 runs, 1 hit, 0 errors, 2 left on base; Allentown 6 - Louisville 17
BOTTOM OF THE 7TH
Louisville Bats batting - Pitching for Allentown Hillbillies : RHP Dale Downs
Batting: SHB Ryan Roberts 0-0: Called Strike
0-1: Called Strike
0-2: Foul Ball, location: 2F
0-2: Strikes out swinging
Batting: RHB Roberto Zamora 0-0: Swinging Strike
0-1: Foul Ball, location: 2F
0-2: Ball
1-2: Ground out 5-3 (Groundball, 56)
Batting: RHB Shawn Marshall 0-0: Ball
1-0: Called Strike
1-1: SINGLE (Flyball, 7LS)
Batting: RHB Júlio Sánchez 0-0: Ball
1-0: SINGLE (Line Drive, 4D)
Shawn Marshall to second
Runner from 2nd tries for 3rd, SAFE, no throw
Batting: RHB Mark Arnold 0-0: Called Strike
0-1: SINGLE (Flyball, 89S)
Shawn Marshall scores
Júlio Sánchez to second
Runner from 2nd tries for 3rd, SAFE, no throw
Batting: SHB Martín Medina 0-0: Ball
1-0: Ball
2-0: Ball
3-0: Base on Balls
Mark Arnold to second
Batting: SHB Dave Henley 0-0: Called Strike
0-1: Called Strike
0-2: Fielders Choice at 2nd, 5-4 (Groundball, 5)
Bottom of the 7th over - 1 run, 3 hits, 0 errors, 3 left on base; Allentown 6 - Louisville 18
TOP OF THE 8TH
Allentown Hillbillies batting - Pitching for Louisville Bats : RHP Bennie Jones
Batting: LHB Júlio Lorenzo 0-0: Called Strike
0-1: Ball
1-1: Called Strike
1-2: Strikes out swinging
Pitching: LHP Pablo Solíz
Batting: RHB Albert Lutz 0-0: Ball
1-0: Ground out U3 (Groundball, 3)
Batting: LHB Eduardo Rodríguez 0-0: Swinging Strike
0-1: Ball
1-1: Foul Ball, location: 2F
1-2: Ground out U3 (Groundball, 3)
Top of the 8th over - 0 runs, 0 hits, 0 errors, 0 left on base; Allentown 6 - Louisville 18
BOTTOM OF THE 8TH
Louisville Bats batting - Pitching for Allentown Hillbillies : RHP Dale Downs
Batting: LHB Héctor Rentería 0-0: Called Strike
0-1: Ground out 3-1 (Groundball, 34)
Batting: LHB Eduardo Gómez 0-0: Ball
1-0: Foul Ball, location: 2F
1-1: Ball
2-1: DOUBLE (Line Drive, 8RXD)
Batting: SHB Ryan Roberts 0-0: Called Strike
0-1: Foul Ball, location: 2F
0-2: Strikes out swinging
Batting: RHB Roberto Zamora 0-0: Swinging Strike
0-1: Called Strike
0-2: Foul Ball, location: 2F
0-2: Ball
1-2: Strikes out looking
Bottom of the 8th over - 0 runs, 1 hit, 0 errors, 1 left on base; Allentown 6 - Louisville 18
TOP OF THE 9TH
Allentown Hillbillies batting - Pitching for Louisville Bats : LHP Pablo Solíz
Now in LF: Jesús Núńez
Pinch Hitting: RHB Wyatt McKinnon 0-0: Called Strike
0-1: Swinging Strike
0-2: Foul Ball, location: 2F
0-2: Ball
1-2: Ball
2-2: SINGLE (Flyball, 89M)
Batting: RHB Donald Sanford 0-0: Called Strike
0-1: Ball
1-1: Ball
2-1: Ball
3-1: Foul Ball, location: 2F
3-2: Base on Balls
Wyatt McKinnon to second
Pitching: LHP Dave Carbone
Batting: SHB Travis Martin 0-0: Ball
1-0: Called Strike
1-1: Foul Ball, location: 2F
1-2: Foul Ball, location: 2F
1-2: Ball
2-2: Ball
3-2: Fly out, F3 (Popup, 3SF)
Batting: RHB Diego Rivera 0-0: Ball
1-0: Ball
2-0: Called Strike
2-1: Ball
3-1: SINGLE (Groundball, 56) (infield hit)
Wyatt McKinnon to third
Donald Sanford to second
Pinch Hitting: RHB Von Ford 0-0: Ball
1-0: Foul Ball, location: 2F
1-1: Ball
2-1: Ball
3-1: Base on Balls
Wyatt McKinnon scores
Donald Sanford to third
Diego Rivera to second
Batting: RHB Robert Bly 0-0: Called Strike
0-1: Ball
1-1: Foul Ball, location: 2F
1-2: Fielders Choice at 2nd, 3-6 (Groundball, 3)
Donald Sanford scores
Diego Rivera to third
Batting: LHB Júlio Lorenzo 0-0: Ball
1-0: Ball
2-0: Ball
3-0: Base on Balls
Robert Bly to second
Batting: RHB Albert Lutz 0-0: Ground out 4-3 (Groundball, 4S)
Top of the 9th over - 2 runs, 2 hits, 0 errors, 3 left on base; Allentown 8 - Louisville 18
Saturday, April 7th, 2018 - OOTP Baseball 18.8 Build 76